General information
			
			
        
        - name: BNet
 
        - type: Ladder 1vs1/FFA
 
        - host: Battle.net
 
        - saver: VELOX_NEB
 
        
map: EchoIsles 
        - players: 2
 
        - length: 34:07
 
        - speed: Fast
 - version: 1.22 W3XP
 - replay type:  Public
 
» download(120 KB)
Players
        team 1 (winner) 
              
              
VELOX_NEB (
yellow | 84 APM | 2871 actions | 34:07)
              
 7 Priestess of the Moon 
 3 Searing Arrows
 3 Trueshot Aura
 1 Starfall
 6 Warden 
 2 Fan of Knives
 3 Shadow Strike
 1 Spirit of Vengeance
 
                » actions 
                
                | Assign group hotkey | 52 |  | 
| Basic commands | 226 |  | 
| Build / train | 116 |  | 
| ESC pressed | 3 |  | 
| Enter build submenu | 23 |  | 
| Enter hero's abilities submenu | 14 |  | 
| Give item / drop item | 3 |  | 
| Right click | 1329 |  | 
| Select / deselect | 601 |  | 
| Select group hotkey | 368 |  | 
| Use ability | 136 |  | 
                2871 total
 » units 
                
                | Wisp | 27 |  | 
| Archer | 12 |  | 
| Forest Troll Shadow Priest | 3 |  | 
| Forest Troll Berserker | 3 |  | 
| Dryad | 24 |  | 
| Huntress | 5 |  | 
| Ogre Mauler | 2 |  | 
                76 total
 » upgrades
                
                | Ultravision | 1 |  | 
| Abolish Magic | 1 |  | 
| Upgrade Moon Glaive | 1 |  | 
| Strength of the Wild | 1 |  | 
| Nature's Blessing | 1 |  | 
                5 total
 » buildings
                
                | Altar of Elders | 1 |  | 
| Moon Well | 10 |  | 
| Ancient of War | 5 |  | 
| Tree of Ages | 1 |  | 
| Ancient of Wonders | 1 |  | 
| Hunter's Hall | 1 |  | 
| Ancient of Lore | 1 |  | 
| Tree of Life | 1 |  | 
| Tree of Eternity | 1 |  | 
| Ancient Protector | 2 |  | 
                24 total
 » build order
                00:08 Altar of Elders
00:23 Moon Well
00:39 Ancient of War
02:00 Moon Well
02:21 Moon Well
03:09 Ancient of War
04:09 Tree of Ages
05:53 Moon Well
07:13 Ancient of Wonders
07:30 Hunter's Hall
08:51 Ancient of Lore
10:06 Tree of Life
13:19 Tree of Eternity
13:22 Ancient Protector
14:39 Moon Well
16:00 Moon Well
16:04 Ancient Protector
16:11 Moon Well
20:42 Moon Well
20:43 Moon Well
21:41 Moon Well
29:44 Ancient of War
29:46 Ancient of War
29:47 Ancient of War
» items
                
                | Staff of Preservation | 2 |  | 
| Scroll of Healing | 2 |  | 
| Scroll of Town Portal | 2 |  | 
| Potion of Lesser Invulnerability | 1 |  | 
| Orb of Venom | 1 |  | 
| Lesser Clarity Potion | 1 |  | 
| Potion of Healing | 5 |  | 
| Potion of Mana | 3 |  | 
| Anti-magic Potion | 1 |  | 
                18 total
  
               team 2 (loser) 
              
              
SoEu)Inonimatos (
orange | 96 APM | 3270 actions | 34:05)
              
 5 Death Knight 
 3 Death Coil
 2 Unholy Aura
 5 Lich 
 3 Frost Nova
 2 Frost Armor
 
                » actions 
                
                | Assign group hotkey | 26 |  | 
| Basic commands | 253 |  | 
| Build / train | 96 |  | 
| ESC pressed | 2 |  | 
| Enter build submenu | 24 |  | 
| Enter hero's abilities submenu | 10 |  | 
| Give item / drop item | 4 |  | 
| Right click | 1690 |  | 
| Select / deselect | 660 |  | 
| Select group hotkey | 398 |  | 
| Use ability | 107 |  | 
                3270 total
 » units 
                
                | Acolyte | 22 |  | 
| Ghoul | 15 |  | 
| Gargoyle | 8 |  | 
| Abomination | 20 |  | 
| Crypt Fiend | 4 |  | 
                69 total
 » upgrades
                
                | Disease Cloud | 1 |  | 
| Stone Form | 1 |  | 
| Unholy Armor | 1 |  | 
| Web | 1 |  | 
                4 total
 » buildings
                
                | Crypt | 2 |  | 
| Ziggurat | 8 |  | 
| Altar of Darkness | 1 |  | 
| Tomb of Relics | 1 |  | 
| Halls of the Dead | 1 |  | 
| Graveyard | 2 |  | 
| Black Citadel | 1 |  | 
| Slaughterhouse | 2 |  | 
| Sacrificial Pit | 1 |  | 
                19 total
 » build order
                00:08 Crypt
00:12 Ziggurat
00:34 Altar of Darkness
00:53 Ziggurat
01:16 Tomb of Relics
02:55 Halls of the Dead
04:25 Graveyard
04:29 Graveyard
04:32 Crypt
05:32 Ziggurat
05:46 Ziggurat
06:50 Black Citadel
07:57 Slaughterhouse
07:59 Slaughterhouse
08:40 Ziggurat
13:00 Sacrificial Pit
16:02 Ziggurat
16:03 Ziggurat
16:06 Ziggurat
» items
                
                | Rod of Necromancy | 1 |  | 
| Dust of Appearance | 1 |  | 
| Potion of Healing | 5 |  | 
| Scroll of Town Portal | 1 |  | 
| Orb of Corruption | 1 |  | 
                9 total
  
                Chat log
          (00:20 / All) SoEu)Inonimatos: lvl 28 :/
(06:14 / All) SoEu)Inonimatos: u is good my friend
(06:15 / All) SoEu)Inonimatos: :)
(30:31 / All) VELOX_NEB: gg
(33:41 / All) SoEu)Inonimatos: gg :P
(33:44 / All) VELOX_NEB: lol
(33:50 / All) VELOX_NEB: how much food did you have?